3AA
LANCASTER FARMERS @ WESTWOOD SIXSHOOTERS
07/18/2025
 
TOP OF THE 1ST
Lancaster Farmers batting - Pitching for Westwood Sixshooters : RHP Roberto Covas
Pitching: RHP Roberto Covas
Batting: RHB António Mendoza 0-0: Called Strike
0-1: Ball
1-1: Foul Ball, location: 2F
1-2: Ball
2-2: Ground out 1-3 (Groundball, 13S)
Batting: RHB Showander Descarte 0-0: SINGLE (Line Drive, 6D)
Batting: LHB Brad Tillman 0-0: Called Strike
0-1: Ball
1-1: Ball
2-1: Ball
3-1: Called Strike
3-2: Foul Ball, location: 2F
3-2: Base on Balls
Showander Descarte to second
Batting: RHB Chang-bum Pak 0-0: Called Strike
0-1: Ball
1-1: Ball
2-1: Ball
3-1: Foul Ball, location: 2F
3-2: Strikes out swinging
Batting: SHB Orlando Miranda 0-0: Fielders Choice at 2nd, 4-6 (Groundball, 4)
Top of the 1st over - 0 run(s), 1 hit(s), 0 error(s), 1 left on base; Lancaster 0 - Westwood 0
BOTTOM OF THE 1ST
Westwood Sixshooters batting - Pitching for Lancaster Farmers : RHP Rubén Madrid
Pitching: RHP Rubén Madrid
Batting: RHB Jesús Vargas 0-0: Called Strike
0-1: SINGLE (Line Drive, 56D)
Batting: RHB Nelson Abbey 0-0: Ball
Jesús Vargas steals 2nd base
1-0: Called Strike
1-1: Foul Ball, location: 2F
1-2: Ball
2-2: Reached on error, E4 (Groundball, 4M)
Jesús Vargas scores
Batting: RHB José Carlos Pérez 0-0: Called Strike
0-1: Foul Ball, location: 2F
0-2: Ball
1-2: Foul Ball, location: 2F
1-2: Ball
2-2: Ball
3-2: Base on Balls
Batting: LHB Chia-ch'ing Dodman 0-0: Foul Ball, location: 2F
0-1: Ground out 4-3 (Groundball, 4S)
Nelson Abbey to third
José Carlos Pérez to second
Batting: RHB Jason Boyer 0-0: Called Strike
0-1: Called Strike
0-2: Ball
1-2: Ball
2-2: 3-RUN HOME RUN (Flyball, 7D), Distance : 387 ft
Batting: SHB Jesús Rodríguez 0-0: Called Strike
0-1: Ball
1-1: Ball
2-1: Foul Ball, location: 2F
2-2: Strikes out swinging
Batting: RHB Bert Motevassel 0-0: Ball
1-0: Foul Ball, location: 2F
1-1: Single, Error in OF, E8, batter to second base
Batting: LHB Orlando López 0-0: Called Strike
0-1: SINGLE (Flyball, 8RS)
Bert Motevassel to third
Runner from 3rd tries for Home, SAFE, no throw
Batting: RHB Nick Hoskins 0-0: Fielders Choice at 2nd, 6-4 (Groundball, 6)
Bottom of the 1st over - 5 run(s), 4 hit(s), 2 error(s), 0 left on base; Lancaster 0 - Westwood 5
TOP OF THE 2ND
Lancaster Farmers batting - Pitching for Westwood Sixshooters : RHP Roberto Covas
Batting: LHB Ramón Gómez 0-0: Foul Ball, location: 2F
0-1: Swinging Strike
0-2: Ball
1-2: Strikes out swinging
Batting: RHB António Jiménez 0-0: Ball
1-0: Ball
2-0: Ball
3-0: Called Strike
3-1: SINGLE (Groundball, 4MD)
Batting: RHB Henry Womack 0-0: Called Strike
0-1: Fly out, F5 (Popup, 56)
Batting: RHB Rodrigo Velasco 0-0: Fielders Choice at 2nd, 6-4 (Groundball, 6)
Top of the 2nd over - 0 run(s), 1 hit(s), 0 error(s), 0 left on base; Lancaster 0 - Westwood 5
BOTTOM OF THE 2ND
Westwood Sixshooters batting - Pitching for Lancaster Farmers : RHP Rubén Madrid
Batting: RHB Jesús Vargas 0-0: Ball
1-0: Ball
2-0: Called Strike
2-1: Ball
3-1: Fly out, F8 (Flyball, 8LM)
Batting: RHB Nelson Abbey 0-0: Ball
1-0: Ball
2-0: Ball
3-0: Called Strike
3-1: Base on Balls
Batting: RHB José Carlos Pérez 0-0: Called Strike
Nelson Abbey steals 2nd base
0-1: Ball
1-1: Swinging Strike
1-2: Fly out, F9 (Line Drive, 89D)
Runner from 2nd tags up, SAFE at 3rd, no throw
Now in RF: Bob Lambert
Batting: LHB Chia-ch'ing Dodman 0-0: Foul Ball, location: 2F
0-1: Called Strike
0-2: Ball
1-2: Ball
Passed Ball!
Nelson Abbey scores
2-2: Ball
3-2: Fly out, F9 (Flyball, 89S)
Bottom of the 2nd over - 1 run(s), 0 hit(s), 0 error(s), 0 left on base; Lancaster 0 - Westwood 6
TOP OF THE 3RD
Lancaster Farmers batting - Pitching for Westwood Sixshooters : RHP Roberto Covas
Batting: RHB António Mendoza 0-0: Ball
1-0: Foul Ball, location: 2F
1-1: Ball
2-1: Foul Ball, location: 2F
2-2: Ball
3-2: Ground out 6-3 (Groundball, 6)
Batting: RHB Showander Descarte 0-0: Ball
1-0: Swinging Strike
1-1: Called Strike
1-2: SINGLE (Line Drive, 6MD)
Batting: LHB Brad Tillman 0-0: Called Strike
0-1: Ball
1-1: Ball
Showander Descarte steals 2nd base
2-1: SINGLE (Line Drive, 4D)
Showander Descarte to third
Batting: SHB Bob Lambert 0-0: Ball
1-0: Ball
2-0: Fly out, F8 (Flyball, 78M)
Batting: SHB Orlando Miranda 0-0: Ball
1-0: Ball
2-0: Swinging Strike
2-1: Called Strike
2-2: Strikes out looking
Top of the 3rd over - 0 run(s), 2 hit(s), 0 error(s), 2 left on base; Lancaster 0 - Westwood 6
BOTTOM OF THE 3RD
Westwood Sixshooters batting - Pitching for Lancaster Farmers : RHP Rubén Madrid
Batting: RHB Jason Boyer 0-0: Called Strike
0-1: Swinging Strike
0-2: Ball
1-2: Ball
2-2: Strikes out swinging
Batting: SHB Jesús Rodríguez 0-0: Called Strike
0-1: Ball
1-1: Ball
2-1: SINGLE (Line Drive, 56D)
Batting: RHB Bert Motevassel 0-0: SINGLE (Line Drive, 34D)
Jesús Rodríguez to second
Runner from 2nd tries for 3rd, SAFE, throw made to third
Batting: LHB Orlando López 0-0: Ball
1-0: Ball
2-0: Ball
3-0: Called Strike
3-1: Base on Balls
Bert Motevassel to second
Batting: RHB Nick Hoskins 0-0: Called Strike
0-1: Swinging Strike
0-2: Ball
1-2: Ball
2-2: Grounds into double play, 4-6-3 (Groundball, 4)
Bottom of the 3rd over - 0 run(s), 2 hit(s), 0 error(s), 2 left on base; Lancaster 0 - Westwood 6
TOP OF THE 4TH
Lancaster Farmers batting - Pitching for Westwood Sixshooters : RHP Roberto Covas
Batting: LHB Ramón Gómez 0-0: Called Strike
0-1: Ball
1-1: Called Strike
1-2: Strikes out looking
Batting: RHB António Jiménez 0-0: Called Strike
0-1: Foul Ball, location: 2F
0-2: Ball
1-2: Ball
2-2: Strikes out swinging
Batting: RHB Henry Womack 0-0: Called Strike
0-1: Fly out, F2 (Popup, 34S)
Top of the 4th over - 0 run(s), 0 hit(s), 0 error(s), 0 left on base; Lancaster 0 - Westwood 6
BOTTOM OF THE 4TH
Westwood Sixshooters batting - Pitching for Lancaster Farmers : RHP Rubén Madrid
Batting: RHB Jesús Vargas 0-0: Called Strike
0-1: Ball
1-1: Fly out, F5 (Popup, 56)
Batting: RHB Nelson Abbey 0-0: Swinging Strike
0-1: Called Strike
0-2: Ball
1-2: Ground out 6-3 (Groundball, 6)
Batting: RHB José Carlos Pérez 0-0: Called Strike
0-1: Ball
1-1: Foul Ball, location: 2F
1-2: Foul Ball, location: 2F
1-2: Ball
2-2: Foul Ball, location: 2F
2-2: Fly out, F2 (Popup, 23)
Bottom of the 4th over - 0 run(s), 0 hit(s), 0 error(s), 0 left on base; Lancaster 0 - Westwood 6
TOP OF THE 5TH
Lancaster Farmers batting - Pitching for Westwood Sixshooters : RHP Roberto Covas
Batting: RHB Rodrigo Velasco 0-0: Ball
1-0: Foul Ball, location: 2F
1-1: Foul Ball, location: 2F
1-2: Ball
2-2: Foul Ball, location: 2F
2-2: Ground out 6-3 (Groundball, 56)
Batting: RHB António Mendoza 0-0: Ball
1-0: Ball
2-0: Foul Ball, location: 2F
2-1: Foul Ball, location: 2F
2-2: Ball
3-2: Strikes out swinging
Batting: RHB Showander Descarte 0-0: Called Strike
0-1: Ball
1-1: Fly out, F7 (Flyball, 7S)
Top of the 5th over - 0 run(s), 0 hit(s), 0 error(s), 0 left on base; Lancaster 0 - Westwood 6
BOTTOM OF THE 5TH
Westwood Sixshooters batting - Pitching for Lancaster Farmers : RHP Rubén Madrid
Batting: LHB Chia-ch'ing Dodman 0-0: Ball
1-0: Ball
2-0: Called Strike
2-1: Ball
3-1: Foul Ball, location: 2F
3-2: Foul Ball, location: 2F
3-2: Foul Ball, location: 2F
3-2: SINGLE (Groundball, 4D)
Batting: RHB Jason Boyer 0-0: Ball
Wild Pitch!
Chia-ch'ing Dodman to second
1-0: Called Strike
1-1: Ball
2-1: Called Strike
2-2: Ball
3-2: Foul Ball, location: 2F
3-2: Foul Ball, location: 2F
3-2: DOUBLE (Flyball, 78D)
Chia-ch'ing Dodman scores
Pitching: RHP Hidehira Matsuda
Batting: SHB Jesús Rodríguez 0-0: Called Strike
0-1: Foul Ball, location: 2F
0-2: Ball
1-2: Foul Ball, location: 2F
1-2: Ball
2-2: Fly out, F4 (Popup, 4S)
Batting: RHB Bert Motevassel 0-0: Called Strike
0-1: Foul Ball, location: 2F
0-2: Ball
1-2: Ball
2-2: Ground out 6-3 (Groundball, 6S)
Jason Boyer to third
Batting: LHB Orlando López 0-0: 2-RUN HOME RUN (Flyball, 89XD), Distance : 432 ft
Batting: RHB Nick Hoskins 0-0: Foul Ball, location: 2F
0-1: Called Strike
0-2: Ball
1-2: Strikes out swinging
Bottom of the 5th over - 3 run(s), 3 hit(s), 0 error(s), 0 left on base; Lancaster 0 - Westwood 9
TOP OF THE 6TH
Lancaster Farmers batting - Pitching for Westwood Sixshooters : RHP Roberto Covas
Pitching: RHP Alfonso Garza
Batting: LHB Brad Tillman 0-0: DOUBLE (Flyball, 7LM)
Pinch Runner at 2nd Xing-li Wang:
Batting: SHB Bob Lambert 0-0: Fly out, F3 (Line Drive, 3)
Batting: SHB Orlando Miranda 0-0: Called Strike
Xing-li Wang is caught stealing 3rd base
0-1: Foul Ball, location: 2F
0-2: SINGLE (Groundball, 15S) (infield hit)
Batting: LHB Ramón Gómez 0-0: Fly out, F8 (Line Drive, 8LM)
Top of the 6th over - 0 run(s), 2 hit(s), 0 error(s), 1 left on base; Lancaster 0 - Westwood 9
BOTTOM OF THE 6TH
Westwood Sixshooters batting - Pitching for Lancaster Farmers : RHP Hidehira Matsuda
Now in CF: Xing-li Wang
Batting: RHB Jesús Vargas 0-0: Ball
1-0: Ball
2-0: Ground out 6-3 (Groundball, 6)
Batting: RHB Nelson Abbey 0-0: Called Strike
0-1: Ball
1-1: Ball
2-1: Foul Ball, location: 2F
2-2: Ground out 4-3 (Groundball, 4)
Batting: RHB José Carlos Pérez 0-0: Ground out 6-3 (Groundball, 6)
Bottom of the 6th over - 0 run(s), 0 hit(s), 0 error(s), 0 left on base; Lancaster 0 - Westwood 9
TOP OF THE 7TH
Lancaster Farmers batting - Pitching for Westwood Sixshooters : RHP Alfonso Garza
Batting: RHB António Jiménez 0-0: Called Strike
0-1: Ball
1-1: Foul Ball, location: 2F
1-2: Ball
2-2: Ball
3-2: Foul Ball, location: 2F
3-2: Ground out 6-3 (Groundball, 6)
Batting: RHB Henry Womack 0-0: Ball
1-0: Ground out 6-3 (Groundball, 6)
Batting: RHB Rodrigo Velasco 0-0: Called Strike
0-1: Ball
1-1: Foul Ball, location: 2F
1-2: Ball
2-2: Fly out, F7 (Flyball, 78M)
Top of the 7th over - 0 run(s), 0 hit(s), 0 error(s), 0 left on base; Lancaster 0 - Westwood 9
BOTTOM OF THE 7TH
Westwood Sixshooters batting - Pitching for Lancaster Farmers : RHP Hidehira Matsuda
Batting: LHB Chia-ch'ing Dodman 0-0: Fly out, F7 (Flyball, 7S)
Batting: RHB Jason Boyer 0-0: Ball
1-0: Foul Ball, location: 2F
1-1: Ball
2-1: Ball
3-1: Foul Ball, location: 2F
3-2: Strikes out swinging
Batting: SHB Jesús Rodríguez 0-0: Foul Ball, location: 2F
0-1: Ball
1-1: Swinging Strike
1-2: Foul Ball, location: 2F
1-2: Foul Ball, location: 2F
1-2: Ground out 4-3 (Groundball, 34D)
Bottom of the 7th over - 0 run(s), 0 hit(s), 0 error(s), 0 left on base; Lancaster 0 - Westwood 9
TOP OF THE 8TH
Lancaster Farmers batting - Pitching for Westwood Sixshooters : RHP Alfonso Garza
Batting: RHB António Mendoza 0-0: Foul Ball, location: 2F
0-1: Foul Ball, location: 2F
0-2: Ball
1-2: Ball
2-2: Foul Ball, location: 2F
2-2: Foul Ball, location: 2F
2-2: Hit by Pitch
Batting: RHB Showander Descarte 0-0: Ground out 5-3 (Groundball, 56S)
António Mendoza to second
Batting: RHB Xing-li Wang 0-0: Fly out, F9 (Flyball, 9)
Batting: SHB Bob Lambert 0-0: Foul Ball, location: 2F
0-1: Foul Ball, location: 2F
0-2: Ball
1-2: Ball
2-2: Ground out 6-3 (Groundball, 6)
Top of the 8th over - 0 run(s), 0 hit(s), 0 error(s), 1 left on base; Lancaster 0 - Westwood 9
BOTTOM OF THE 8TH
Westwood Sixshooters batting - Pitching for Lancaster Farmers : RHP Hidehira Matsuda
Batting: RHB Bert Motevassel 0-0: Foul Ball, location: 2F
0-1: Swinging Strike
0-2: Ball
1-2: Fly out, F9 (Line Drive, 89M)
Batting: LHB Orlando López 0-0: Called Strike
0-1: Foul Ball, location: 2F
0-2: Ball
1-2: Fly out, F8 (Line Drive, 78M)
Batting: RHB Nick Hoskins 0-0: Called Strike
0-1: Ball
1-1: Called Strike
1-2: Strikes out swinging
Bottom of the 8th over - 0 run(s), 0 hit(s), 0 error(s), 0 left on base; Lancaster 0 - Westwood 9
TOP OF THE 9TH
Lancaster Farmers batting - Pitching for Westwood Sixshooters : RHP Alfonso Garza
Now at 2B: Winston Sparks
Batting: SHB Orlando Miranda 0-0: Swinging Strike
0-1: Ground out 4-3 (Groundball, 4)
Batting: LHB Ramón Gómez 0-0: Ball
1-0: Called Strike
1-1: TRIPLE (Line Drive, 78S)
Batting: RHB António Jiménez 0-0: Foul Ball, location: 2F
0-1: Ground out 6-3 (Groundball, 6)
Ramón Gómez scores
Batting: RHB Henry Womack 0-0: Called Strike
0-1: Foul Ball, location: 2F
0-2: Foul Ball, location: 2F
0-2: Ball
1-2: Ground out 4-3 (Groundball, 4)
Top of the 9th over - 1 run(s), 1 hit(s), 0 error(s), 0 left on base; Lancaster 1 - Westwood 9
Friday, December 30th, 2016 - OOTP Baseball 17.12 Build 75